 Dungeon Crawl Stone Soup version 0.29-a0-330-g52719c12eb (webtiles) character file.

Game seed: 11319139512595028954

618 night the Archer (level 7, 0/51 HPs)
             Began as a Barachi Hunter on May 10, 2022.
             Shot with an arrow by a centaur (5 damage)
             ... on level 5 of the Dungeon.
             The game lasted 00:08:17 (3128 turns).

night the Archer (Barachi Hunter)                   Turns: 3128, Time: 00:08:17

Health: 0/51       AC:  6    Str: 12    XL:     7   Next: 45%
Magic:  7/7        EV: 11    Int: 10    God:
Gold:   166        SH:  0    Dex: 17    Spells: 6/6 levels left

rFire   . . .      SeeInvis .   a - +1 shortbow (vorpal)
rCold   + . .      Faith    .   (shield currently unavailable)
rNeg    . . .      Spirit   .   i - +0 ring mail
rPois   +          Reflect  .   h - +0 helmet
rElec   .          Harm     .   (no cloak)
rCorr   .          Rampage  .   (no gloves)
Will    .....                   (no boots)
Stlth   ..........              (no amulet)
HPRegen 0.17/turn               o - ring of Psychosis {rPois rC+}
MPRegen 0.10/turn               l - ring of poison resistance

@: confused, slow
A: amphibious, slowness 1, strong legs 1, +LOS
a: Hop


You were on level 5 of the Dungeon.
You visited 1 branch of the dungeon, and saw 7 of its levels.

You collected 166 gold pieces.

Inventory:

Hand Weapons
 a - a +1 vorpal shortbow (weapon)
 k - a +3 spear
Missiles
 f - 9 poisoned darts
 g - 154 stones
 q - 3 atropa-tipped darts
 u - 4 boomerangs
Armour
 b - a +0 leather armour
 h - a +0 helmet (worn)
 i - a +0 ring mail (worn)
Jewellery
 l - a ring of poison resistance (right hand)
 o - the ring of Psychosis (left hand) {rPois rC+}
   (You found it on level 3 of the Dungeon)

   [ring of poison resistance]

   rC:        It protects you from cold.
   rPois:     It protects you from poison.
Scrolls
 c - 2 scrolls of immolation
 d - a scroll of fear
 j - 2 scrolls of teleportation
 n - 2 scrolls of enchant weapon
 r - a scroll of blinking
 t - 2 scrolls of vulnerability
Potions
 e - a potion of degeneration {unknown}
 m - a potion of curing
 p - a potion of berserk rage {unknown}
 s - a potion of ambrosia {unknown}


   Skills:
 - Level 2.4 Fighting
 + Level 8.9 Bows
 - Level 2.1 Dodging
 - Level 0.8 Stealth


You had 6 spell levels left.
You didn't know any spells.
Your spell library contained the following spells:

 Spells                   Type           Power      Damage    Failure   Level
 Static Discharge         Conj/Air       0%         N/A       78%         2
 Gell's Gravitas          Tloc           0%         N/A       95%         3
 Teleport Other           Tloc           0%         N/A       95%         3
 Lightning Bolt           Conj/Air       0%         1d11      100%        5
 Dispersal                Tloc           0%         N/A       100%        6
 Maxwell's Capacitive Co  Air            0%         ∞         100%        8


Dungeon Overview and Level Annotations

Branches:
Dungeon (7/15)
 Temple: D:4-7

Altars:
Wu Jian
Xom

Shops:
D:4 (


Innate Abilities, Weirdness & Mutations

You are amphibious.
You cover ground slowly.
You can hop short distances.
You have an extended range of vision and can be seen from far away.


Message History

The orc priest shouts!
The arrow hits the orc priest.
The orc priest is moderately wounded.
The orc wizard casts a spell at you.
You are confused.
The centaur wields a +0 shortbow.
The centaur shoots an arrow.
The arrow misses you.
You are too confused!
You are too confused!
The centaur shoots an arrow.
The arrow hits you.
The orc priest mumbles some strange prayers to Beogh against you.
Beogh smites you!
The orc wizard gestures wildly while chanting.
The orc wizard flickers and vanishes!
Deactivating autopickup; reactivate with Ctrl-A.
You are too confused!
You bump into the rock wall.
The orc wizard casts a spell at you.
You are more confused.
The orc wizard casts a spell.
The orc wizard flickers and vanishes!
The centaur shoots an arrow.
The arrow hits you.
The centaur shoots an arrow.
The arrow barely misses you.
You are more confused.
The orc priest looks satisfied for a moment.
The centaur shoots an arrow.
The arrow hits you!
The orc priest calls down the wrath of Beogh upon you.
Beogh smites you!
* * * LOW HITPOINT WARNING * * *
The centaur shoots an arrow.
The arrow barely misses you.
The centaur shoots an arrow.
Reactivating autopickup.
You feel a bit more experienced.
You bump into the rock wall.
You bump into the rock wall.
The centaur shoots an arrow.
The arrow hits you!
* * * LOW HITPOINT WARNING * * *
The orc priest calls down the wrath of Beogh upon you.
You struggle to resist.
The centaur shoots an arrow.
The arrow hits you.
You die...

#.. ........ #.#
######### ........ #.#
#.......# ........ #.#
#.......# ........ #.#
#.......# .....?.. #.#
#.......# ........ #.#
#.......# !......#
#.###..)o...###........
#>..'.@.c.{.o...{c...).
#.###.......######....#
#.# #[......# .# #.#
######### #.# #.# #.#
#.. #..


You could see a centaur, an orc priest and an orc.

Vanquished Creatures
  A sky beast (D:6)
  An ice beast (D:6)
  A centaur (D:6)
  A kobold brigand (D:6)
  A scorpion (D:4)
  A hound (D:4)
  A jelly (D:7)
  An iguana (D:3)
  3 adders
  An ufetubus (D:4)
  2 worms
  2 dart slugs
  5 orcs
  7 bats
  11 endoplasms
  2 giant cockroaches
  11 goblins
  3 hobgoblins
  8 jackals (D:1)
  14 kobolds
  4 quokkas
  3 ball pythons
  3 frilled lizards
  4 rats
91 creatures vanquished.

Vanquished Creatures (others)
  An orc wizard (D:5)
1 creature vanquished.

Grand Total: 92 creatures vanquished

Notes
Turn   | Place    | Note
-------+----------+-------------------------------------------
     0 | D:1      | night the Barachi Hunter began the quest for the Orb.
     0 | D:1      | Reached XP level 1. HP: 17/17 MP: 1/1
    47 | D:1      | Reached XP level 2. HP: 23/23 MP: 2/2
   225 | D:1      | Reached XP level 3. HP: 28/28 MP: 3/3
   312 | D:1      | Reached skill level 5 in Bows
   758 | D:2      | Reached XP level 4. HP: 34/34 MP: 4/4
   959 | D:2      | Found a faded altar of an unknown god.
  1147 | D:3      | Identified the ring of Psychosis {rPois rC+}
  1880 | D:3      | Reached skill level 6 in Bows
  1880 | D:3      | Reached XP level 5. HP: 21/39 MP: 5/5
  2072 | D:4      | Found a burning altar of Makhleb.
  2229 | D:4      | Reached skill level 7 in Bows
  2270 | D:4      | Reached XP level 6. HP: 46/46 MP: 6/6
  2327 | D:4      | Found Muceluisk's Weapon Shoppe.
  2526 | D:4      | Found a shimmering blue altar of Sif Muna.
  2526 | D:4      | Found a radiant altar of Vehumet.
  2527 | D:4      | Found a glowing golden altar of the Shining One.
  2527 | D:4      | Found a burning altar of Makhleb.
  2527 | D:4      | Found a shimmering altar of Xom.
  2574 | D:4      | You fall into a shaft and drop 3 floors!
  2587 | D:7      | Noticed a steam dragon
  2595 | D:6      | Noticed a sky beast
  2598 | D:6      | Killed a sky beast
  2649 | D:6      | HP: 10/69 [poisoned by a kobold brigand]
  2657 | D:6      | HP: 10/69 [poisoned by a kobold brigand]
  2658 | D:6      | Reached skill level 8 in Bows
  2658 | D:6      | Reached XP level 7. HP: 11/51 MP: 7/7
  3043 | D:6      | Found an ornate altar of the Wu Jian Council.
  3092 | D:5      | Entered Level 5 of the Dungeon
  3127 | D:5      | HP: 5/51 [centaur/arrow (10)]
  3128 | D:5      | Shot with an arrow by a centaur

Illustrated notes

Levels and vault maps discovered:
D:1:      minmay_arrival_radiant_lines, layout_loops_ring
D:2:      layout_rooms, hellmonk_ecumenical_altar_leap_of_faith,
          minmay_pentomino_s2
D:3:      layout_basic, nicolae_concentric_dashed_squares_wild
D:4:      layout_rooms, doesnt_xom_only_xom, serial_shops,
          nicolae_shop_bloodbath_and_beyond
D:5:      layout_basic
D:6:      layout_basic, kennysheep_little_box,
          mainiacjoe_overflow_six_doors_small, serial_rivers,
          chequers_serial_rivers_micro_a, chequers_serial_rivers_large_b,
          chequers_serial_rivers_micro_b, chequers_serial_rivers_room_b
D:7:      layout_rooms, minmay_temple_entry_enclosed_plants

Skill      XL: |  1  2  3  4  5  6 |
---------------+-------------------+-----
Bows           | 5 6 7 8 |  8.9
Fighting       | |  2.4
Dodging        | |  2.1
Stealth        | |  0.8

Action                   |  1- 3 |  4- 6 |  7- 9 || total
-------------------------+-------+-------+-------++-------
 Fire: Shortbow          |   109 |   139 |    24 ||   272
Throw: Dart              |       |     1 |       ||     1
 Abil: Hop               |       |     1 |       ||     1
  Use: Scroll            |       |     6 |       ||     6
       Potion            |       |     2 |       ||     2
Armor: Leather armour    |     2 |       |       ||     2
       Ring mail         |     4 |    16 |     4 ||    24
       Skin              |       |     6 |     1 ||     7
Dodge: Dodged            |    23 |    29 |     9 ||    61

Table legend: (Time is in decaauts)
 A = Elapsed time spent in this place.
 B = Non-inter-level travel time spent in this place.
 C = Inter-level travel time spent in this place.
 D = Time resting spent in this place.
 E = Time spent auto-exploring this place.
 F = Levels seen in this place.
 G = Mean time per level.
                   A        B        C        D        E       F      G
               +--------+--------+--------+--------+--------+-----+--------+
         Total |   3620 |   3503 |    117 |    310 |   2520 |   7 |  517.1 |
       Dungeon |   3620 |   3503 |    117 |    310 |   2520 |   7 |  517.1 |
               +--------+--------+--------+--------+--------+-----+--------+

Top non-repeatable levels by time:
     D:3: 1166 daAuts
     D:1: 769 daAuts
     D:4: 645 daAuts
     D:6: 524 daAuts
     D:2: 447 daAuts
     D:5: 41 daAuts
     D:7: 24 daAuts
